 Dungeon Crawl Stone Soup version 0.30.1-11-g7821555f0a (webtiles) character file.

Game seed: 10800894955943863900

272 Jerry the Ruffian (level 6, -1/61 HPs)
             Began as a Troll Fighter on Dec 12, 2023.
             Was an Initiate of the Shining One.
             Slain by Dowan
             ... wielding a +0 dagger
              (3 damage)
             ... on level 4 of the Dungeon.
             The game lasted 00:04:56 (2319 turns).

Jerry the Ruffian (Troll Fighter)                   Turns: 2319, Time: 00:04:57

Health: -1/61      AC:  4    Str: 25    XL:     6   Next: 2%
Magic:  6/6        EV:  9    Int:  4    God:    the Shining One [......]
Gold:   114        SH:  8    Dex: 11    Spells: 5/5 levels left

rFire   . .          .
                       - Unarmed
rCold   . . .        b - +0 kite shield
rNeg    . . .        a - +0 robe
rPois   .            (helmet restricted)
rElec   .            (no cloak)
rCorr   .            (gloves unavailable)
SInv    .            (boots unavailable)
Will    +....        (no amulet)
Stlth   +            o - ring of willpower
HPRegen 1.10/turn    (no ring)
MPRegen 0.10/turn

%: no passive effects
@: glowing
A: large, unfitting armour, claws 3, regeneration 1, shaggy fur 1, tough skin 1
a: Renounce Religion


You were on level 4 of the Dungeon.
You worshipped the Shining One.
The Shining One was noncommittal.
You visited 1 branch of the dungeon, and saw 4 of its levels.

You collected 114 gold pieces.

Inventory:

Missiles
 k - 6 silver javelins (quivered)
Armour
 a - a +0 robe (worn)
 b - a +0 kite shield (worn)
Jewellery
 o - a ring of willpower (left claw)
 p - a ring of willpower
Wands
 t - a wand of iceblast (8)
Scrolls
 g - a scroll of fear {unknown}
 h - 5 scrolls of identify {unknown}
 i - a scroll of enchant armour {unknown}
 j - a scroll of vulnerability {unknown}
 l - a scroll of amnesia {unknown}
 n - 2 scrolls of teleportation {unknown}
 s - a scroll of torment {unknown}
Potions
 c - a potion of might
 d - a potion of cancellation {unknown}
 e - 2 potions of heal wounds {unknown}
 f - a potion of magic {unknown}
 m - a potion of lignification {unknown}
 q - a potion of flight {unknown}
 r - a potion of mutation {unknown}


   Skills:
 + Level 3.2 Fighting
 + Level 3.1 Dodging
 + Level 3.5 Shields
 * Level 3.9 Unarmed Combat
 + Level 1.8 Invocations


You had 5 spell levels left.
You didn't know any spells.
Your spell library contained the following spells:

 Spells                   Type           Power      Damage    Failure   Level
 Sandblast                Erth           0%         2d4       77%         1
 Passwall                 Tmut/Erth      0%         N/A       88%         2
 Dazzling Flash           Conj/Hex       0%         N/A       98%         3
 Stone Arrow              Conj/Erth      0%         3d7       98%         3
 Volatile Blastmotes      Fire/Tloc      0%         2d10      98%         3
 Iskenderun's Mystic Bla  Conj/Tloc      0%         2d3       100%        4
 Starburst                Conj/Fire      0%         6d3       100%        6


Dungeon Overview and Level Annotations

Branches:
Dungeon (4/15)
 Temple: D:4-7

Altars:
The Shining One

Annotations:
D:4 Dowan


Innate Abilities, Weirdness & Mutations

You are too large for most types of armour.
You have claws for hands.
Your natural rate of healing is unusually fast.
You are covered in fur. (AC +1)
You have tough skin. (AC +1)


Message History

The now-empty wand crumbles to dust.
You claw Duvessa!
Duvessa is moderately wounded.
Duvessa hits you with a +0 rapier!
You scratch Duvessa.
Duvessa is moderately wounded.
You block Duvessa's attack. Duvessa closely misses you.
You barely miss Duvessa.
Duvessa is moderately wounded.
Duvessa hits you with a +0 rapier!
You scratch Duvessa.
Duvessa is moderately wounded.
Duvessa hits you with a +0 rapier! Duvessa barely misses you.
You scratch Duvessa.
Duvessa is heavily wounded.
Duvessa completely misses you.
You scratch Duvessa.
Duvessa is severely wounded.
You block Duvessa's attack. x2
You claw Duvessa!
You kill Duvessa!
Dowan's eyes darken. "You have made a black mistake."
Dowan seems to find hidden reserves of power!
Dowan zaps a wand.
The bolt of light hits you!
You are confused.
You have reached level 6!
You feel stronger. Dowan attacks as you move away!
Dowan hits you with a +0 dagger.
* * * LOW HITPOINT WARNING * * *
Dowan gestures wildly while chanting.
Dowan blinks!
You feel less confused.
Dowan says, "Magic will overcome all!"
Dowan gestures at you while chanting. The stone arrow hits you!!
* * * LOW HITPOINT WARNING * * *
You claw Dowan!
Dowan is heavily wounded.
You block Dowan's attack. Dowan hits you with a +0 dagger.
You die...

#.........)....## ###########
#...............######..........
#.>.............................
#...............................
############.#.####........####
#.#.# #.#.####.#### #.#.#
#.#.......... #.#e#
#.#.####.#### #.#@# ..... #.#
#.#.##.##### #.# #.#........ ..#
#.##.#### ### #.# # ... ###


You could see Dowan (fast).

Vanquished Creatures
  Duvessa (D:4)
  A hound (D:3)
  Jessica (D:2)
  3 gnolls (D:3)
  3 adders
  A worm (D:2)
  A dart slug (D:4)
  2 endoplasms
  3 giant cockroaches
  3 goblins
  3 hobgoblins
  3 kobolds
  5 quokkas
  7 ball pythons
  2 bats (D:2)
  A frilled lizard (D:2)
  28 rats
68 creatures vanquished.

Notes
Turn   | Place    | Note
-------+----------+-------------------------------------------
     0 | D:1      | Jerry the Troll Fighter began the quest for the Orb.
     0 | D:1      | Reached XP level 1. HP: 22/22 MP: 0/0
   339 | D:1      | You fall into a shaft and drop 1 floor!
   347 | D:2      | Found a glowing golden altar of the Shining One.
   353 | D:2      | Became a worshipper of the Shining One
   354 | D:2      | Noticed Jessica
   367 | D:2      | Killed Jessica
   368 | D:2      | Reached XP level 2. HP: 15/29 MP: 1/1
   368 | D:2      | Reached XP level 3. HP: 19/36 MP: 2/2
  1065 | D:2      | Reached skill level 1 in Invocations
  1144 | D:2      | Reached XP level 4. HP: 44/44 MP: 3/3
  1171 | D:2      | Found a faded altar of an unknown god.
  1833 | D:3      | Identified the +4 ring mail of Yteot {Str+3}
  1842 | D:3      | Reached XP level 5. HP: 30/53 MP: 5/5
  2290 | D:4      | Noticed Duvessa
  2290 | D:4      | Noticed Dowan
  2314 | D:4      | Killed Duvessa
  2315 | D:4      | Reached XP level 6. HP: 18/61 MP: 6/6
  2318 | D:4      | HP: 1/61 [Dowan/stone arrow (18)]
  2319 | D:4      | Slain by Dowan

Illustrated notes

Levels and vault maps discovered:
D:1:      minmay_arrival_three_doors, layout_basic, minmay_misc_feat_plants
D:2:      layout_basic, basic_altar, hellmonk_ecumenical_altar_crossroads,
          grunt_decor_junction, minmay_rat_hole, uniq_jessica
D:3:      layout_basic, nicolae_grassy_gnolls
D:4:      layout_basic, mainiacjoe_overflow_24_doors, gammafunk_ghost_grave,
          minmay_bisected, uniq_duvessa, uniq_eustachio, uniq_sigmund

Skill      XL: |  1  2  3  4  5 |
---------------+----------------+-----
Shields        | 3 |  3.5
Invocations    | 1 |  1.8
Unarmed Combat | 3 |  3.9
Fighting       | 3 |  3.2
Dodging        | 3 |  3.1

Action                     |  1- 3 |  4- 6 || total
---------------------------+-------+-------++-------
  Melee: Unarmed           |    71 |    83 ||   154
 Armour: Robe              |    14 |    14 ||    28
  Dodge: Dodged            |    25 |    21 ||    46
  Block: Kite shield       |    28 |    29 ||    57
